 Dungeon Crawl Stone Soup version 0.30-a0-304-gdc4b735fe1 (webtiles) character file.

Game seed: 17631458414203332341

39 NinjaNoafa the Vexing (level 3, -2/20 HPs)
             Began as a Deep Elf Hexslinger on Oct 20, 2022.
             Slain by a gnoll
             ... wielding a +0 spear
              (5 damage)
             ... on level 2 of the Dungeon.
             The game lasted 00:04:07 (796 turns).

NinjaNoafa the Vexing (Deep Elf Hexslinger)          Turns: 796, Time: 00:04:07

Health: -2/20      AC:  3    Str: 13    XL:     3   Next: 28%
Magic:  8/8        EV: 12    Int: 19    God:
Gold:   40         SH:  0    Dex: 15    Spells: 5/6 levels left

rFire   . . .      SeeInvis .    a - +1 sling
rCold   . . .      Faith    .    (no shield)
rNeg    . . .      Spirit   .    c - +0 robe
rPois   .          Reflect  .    (no helmet)
rElec   .          Harm     .    (no cloak)
rCorr   .          Rampage  .    (no gloves)
Will    .....                    l - +0 pair of boots
Stlth   +.........               (no amulet)
HPRegen 0.23/turn                i - +6 ring of strength
MPRegen 0.11/turn                (no ring)

@: no status effects
A: no striking features
a: no special abilities


You were on level 2 of the Dungeon.
You visited 1 branch of the dungeon, and saw 2 of its levels.

You collected 40 gold pieces.

Inventory:

Hand Weapons
 a - a +1 sling (weapon)
 p - a +1 dagger of protection
Missiles
 g - 11 stones
 r - 5 boomerangs
Armour
 c - a +0 robe (worn)
 l - a +0 pair of boots (worn)
Jewellery
 i - a +6 ring of strength (left hand)
Scrolls
 b - 2 scrolls of poison
 f - a scroll of summoning
 m - a scroll of blinking {unknown}
 q - a scroll of teleportation {unknown}
Potions
 d - a potion of brilliance {unknown}
 k - a potion of ambrosia {unknown}
 n - a potion of flight {unknown}
 o - a potion of curing {unknown}
 s - a potion of heal wounds {unknown}


   Skills:
 - Level 0.7 Fighting
 - Level 2.6 Ranged Weapons
 - Level 2.4 Dodging
 - Level 2.0 Spellcasting
 + Level 5.7 Hexes


You had 5 spell levels left.
You knew the following spells:

 Your Spells              Type           Power      Damage    Failure   Level
a - Slow                  Hex            92%        N/A       1%          1

Your spell library contained the following spells:

 Spells                   Type           Power      Damage    Failure   Level
 Inner Flame              Hex/Fire       12%        N/A       16%         3
 Portal Projectile        Hex/Tloc       24%        N/A       16%         3
 Cause Fear               Hex            11%        N/A       16%         4


Dungeon Overview and Level Annotations

Branches:
Dungeon (2/15)

Altars:


Message History

The adder is lightly wounded.
Fire: a) +1 sling
Press: ? - help, Q - select action, (/) - cycle Shift-Dir - straight line, f/p - adder
Aim: an adder (lightly wounded, slow, 38% to hit)
You shoot a sling bullet.
The sling bullet barely misses the adder.
The adder is engulfed in poison gas.
The adder is poisoned.
Fire: a) +1 sling
Press: ? - help, Q - select action, (/) - cycle Shift-Dir - straight line, f/p - adder
Aim: an adder (lightly wounded, slow, 38% to hit)
You shoot a sling bullet.
The sling bullet closely misses the adder.
The adder is engulfed in poison gas.
The adder looks even sicker.
You kill the adder!
Fire: a) +1 sling
Press: ? - help, Q - select action, (/) - cycle Shift-Dir - straight line, f/p - adder
Aim: an adder (lightly wounded, slow, 38% to hit)
You shoot a sling bullet.
The sling bullet closely misses the adder.
As you read the scroll labelled TESSO JOAS, it crumbles to dust.
Your body is wracked with pain!
The adder convulses!
The gnoll convulses! x2
It was a scroll of torment.
As you read the scroll labelled QYSANTEPO, it crumbles to dust.
Wisps of shadow whirl around you...
It was a scroll of summoning.
The gnoll hits your rat with a +0 club.
Your rat dies!
Your rat's corpse dissolves into shadows!
Okay, then.
As you read the scroll labelled DIEDIB RICOUNK, it crumbles to dust.
It is a scroll of amnesia.
Really abort (and waste the scroll)?
Okay, then.
The gnoll hits you from afar with a +0 spear.
* * * LOW HITPOINT WARNING * * *
Your adder is engulfed in poison gas.
Your adder is poisoned.
As you read the scroll labelled DIHAPROASO, it crumbles to dust.
You hear the tinkle of a tiny bell.
It was a scroll of butterflies.
The gnoll hits you from afar with a +0 spear.
You die...

..###.......<..#
# #☼°○.°○☼.....
#.☼..°.>....## #
#.§b.bb....##
#...####..b######
#.°.....b#b#
#.○.☼####bb#
..○☼.§gSSb#####
......##b@bbbb#
.<○...ggb####○#
...°.○g###
...§°#. #.). ##
###


You could see 4 gnolls, an adder (slow, ally target) and a friendly adder
(summoned, poisoned).

Vanquished Creatures
  An adder (D:2)
  A dart slug (D:2)
  3 ball pythons (D:1)
  2 endoplasms (D:1)
  2 giant cockroaches
  2 goblins (D:1)
  2 hobgoblins (D:1)
  2 jackals (D:1)
  3 kobolds (D:1)
  A quokka (D:1)
  A bat (D:1)
  4 frilled lizards
  3 rats (D:1)
27 creatures vanquished.

Notes
Turn   | Place    | Note
-------+----------+-------------------------------------------
     0 | D:1      | NinjaNoafa the Deep Elf Hexslinger began the quest for the
                  | Orb.
     0 | D:1      | Reached XP level 1. HP: 11/11 MP: 5/5
   237 | D:1      | Reached XP level 2. HP: 13/16 MP: 5/7
   329 | D:1      | Reached skill level 5 in Hexes
   699 | D:2      | Reached XP level 3. HP: 20/20 MP: 8/8
   796 | D:2      | Slain by a gnoll

Illustrated notes

Levels and vault maps discovered:
D:1:      dpeg_arrival_yet_another_circle, layout_basic
D:2:      layout_rooms, ebering_ecumenical_altar_webs, st_stairs_7

Skill      XL: |  1  2 |
---------------+-------+-----
Spellcasting   | 2 |  2.0
Hexes          | 5 |  5.7
Fighting       | |  0.7
Ranged Weapons | |  2.6
Dodging        | |  2.4

Action                   || total
-------------------------++-------
 Fire: Sling             ||    77
 Cast: Slow              ||     5
  Use: Scroll            ||     5
Armor: Robe              ||     6
Dodge: Dodged            ||    21

Table legend: (Time is in decaauts)
 A = Elapsed time spent in this place.
 B = Non-inter-level travel time spent in this place.
 C = Inter-level travel time spent in this place.
 D = Time resting spent in this place.
 E = Time spent auto-exploring this place.
 F = Levels seen in this place.
 G = Mean time per level.
                   A        B        C        D        E       F      G
               +--------+--------+--------+--------+--------+-----+--------+
         Total |    816 |    784 |     32 |      0 |    526 |   2 |  408.0 |
       Dungeon |    816 |    784 |     32 |      0 |    526 |   2 |  408.0 |
               +--------+--------+--------+--------+--------+-----+--------+

Top non-repeatable levels by time:
     D:1: 675 daAuts
     D:2: 140 daAuts
